 Dungeon Crawl Stone Soup version 0.23.2-40-g277498a001 (webtiles) character file.

Game seed: 17156414030626230560

102756 CrazedAxUser the Executioner (level 15, -1/211 HPs)
             Began as a Minotaur Berserker on Aug 31, 2019.
             Was the Champion of Trog.
             Slain by Asterion
             ... wielding a +1 demon trident of flaming
              (14 damage)
             ... on level 1 of the Spider Nest on Sept 1, 2019.
             The game lasted 01:58:31 (27889 turns).

CrazedAxUser the Executioner (Minotaur Berserker)  Turns: 27889, Time: 01:58:32

Health: -1/211     AC: 21    Str: 31    XL:     15   Next: 87%
Magic:  4/4        EV: 10    Int:  4    God:    Trog [******]
Gold:   1761       SH:  0    Dex: 17    Spells: 14/14 levels left

rFire    + . .     SeeInvis +   R - +8 executioner's axe (antimagic)
rCold    + . .     Gourm    .   (shield currently unavailable)
rNeg     . . .     Faith    +   s - +2 chain mail {rPois}
rPois    +         Spirit   .   (helmet restricted)
rElec    .         Reflect  .   Q - scarf {rC+ rF+}
rCorr    .         Harm     .   b - +2 pair of gloves
MR       ++++.     NoCast   +   l - +2 pair of boots of Space {-Cast Dex+5}
Stlth    ..........             i - amulet of faith
HPRegen  1.45/turn              F - ring of see invisible
MPRegen  0.09/turn              P - ring of protection from magic

@: berserking, lethally poisoned (-1 -> -3), regenerating, very quick
A: retaliatory headbutt, horns 2
a: Berserk, Trog's Hand, Brothers in Arms, Renounce Religion


You were on level 1 of the Spider Nest.
You worshipped Trog.
Trog was exalted by your worship.
You were not hungry.

You visited 5 branches of the dungeon, and saw 25 of its levels.
You also visited: Gauntlet and Ice Cave.

You collected 2388 gold pieces.
You spent 627 gold pieces at shops.

Inventory:

Hand Weapons
 R - a +8 antimagic executioner's axe (weapon)
 S - a +1 glaive of venom
 U - the +10 battleaxe "Ostraiw" {venom, rElec Int+3 Dex-3 SInv}
   (Trog gifted it to you on level 1 of the Orcish Mines)

   It poisons the flesh of those it strikes.
   It affects your intelligence (+3).
   It affects your dexterity (-3).
   It insulates you from electricity.
   It lets you see invisible.
 W - a +0 blowgun
Missiles
 a - 43 poisoned needles
 d - 5 silver javelins (quivered)
 e - 3 javelins of returning
 j - 17 javelins
 C - 11 javelins of penetration
Armour
 b - a +2 pair of gloves (worn)
 l - the +2 pair of boots of Space (worn) {-Cast Dex+5}
   (You found it in an ice cave)

   It affects your dexterity (+5).
   It prevents spellcasting.
 r - a +0 troll leather armour
 s - a +2 chain mail of poison resistance (worn)
 I - +0 acid dragon scales
 L - the +3 leather armour of Fortification {+Fly Str+4 Dex+5}
   (You found it on level 8 of the Dungeon)

   It affects your strength (+4).
   It affects your dexterity (+5).
   It lets you fly.
 Q - a scarf of resistance (worn)
 X - a +1 crystal plate armour
Jewellery
 i - an amulet of faith (around neck)
 y - an uncursed ring of ice
 E - an uncursed ring of protection from fire
 F - a ring of see invisible (left hand)
 P - a ring of protection from magic (right hand)
Wands
 H - a wand of digging (5)
 J - a wand of iceblast (56)
Scrolls
 k - 4 scrolls of fog
 q - 4 scrolls of remove curse
 u - 5 scrolls of blinking
 w - a scroll of summoning {unknown}
 A - 4 scrolls of fear
 M - 4 scrolls of immolation
 N - 5 scrolls of magic mapping
 T - a scroll of random uselessness {unknown}
 V - 11 scrolls of teleportation
Potions
 h - 3 potions of might
 n - 4 potions of agility
 o - 5 potions of flight
 z - 5 potions of haste
 B - 10 potions of curing
 D - 2 potions of heal wounds
 G - 3 potions of resistance
 K - a potion of cancellation
Comestibles
 c - 44 rations


   Skills:
 - Level 15.4 Fighting
 * Level 23.6 Axes
 - Level 9.6 Throwing
 - Level 11.4 Armour
 - Level 2.1 Dodging
 * Level 1.3 Stealth


You had 14 spell levels left.
You didn't know any spells.
Your spell library contained the following spells:

 Spells                   Type           Power        Failure   Level  Hunger
 Animate Skeleton         Necr           N/A          90%         1    ##.....
 Apportation              Tloc           #.....       90%         1    ##.....
 Confusing Touch          Hex            #.....       90%         1    ##.....
 Corona                   Hex            #......      90%         1    ##.....
 Flame Tongue             Conj/Fire      #....        90%         1    ##.....
 Infusion                 Chrm           #...         90%         1    ##.....
 Magic Dart               Conj           #...         90%         1    ##.....
 Summon Small Mammal      Summ           #...         90%         1    ##.....
 Blink                    Tloc           N/A          97%         2    ###....
 Call Imp                 Summ           #.......     97%         2    ###....
 Corpse Rot               Necr           N/A          97%         2    ###....
 Ensorcelled Hibernation  Hex/Ice        #.....       97%         2    ###....
 Searing Ray              Conj           #.....       97%         2    ###....
 Shroud of Golubria       Chrm/Tloc      #.........   97%         2    ###....
 Slow                     Hex            #.......     97%         2    ###....
 Song of Slaying          Chrm           #.......     97%         2    ###....
 Call Canine Familiar     Summ           #.......     99%         3    ####...
 Confuse                  Hex            #.......     99%         3    ####...
 Conjure Flame            Conj/Fire      #.......     99%         3    ####...
 Dazzling Spray           Conj/Hex       #.....       99%         3    ####...
 Mephitic Cloud           Conj/Pois/Air  #.......     99%         3    ####...
 Regeneration             Chrm/Necr      #.........   99%         3    ####...
 Spectral Weapon          Hex/Chrm       #.......     99%         3    ####...
 Summon Guardian Golem    Hex/Summ       #.......     99%         3    ####...
 Tukima's Dance           Hex            #.......     99%         3    ####...
 Force Lance              Conj/Tloc      #.......     100%        4    #####..
 Fulminant Prism          Conj/Hex       #.........   100%        4    #####..
 Iskenderun's Mystic Bla  Conj           #.......     100%        4    #####..
 Summon Ice Beast         Ice/Summ       #.......     100%        4    #####..
 Summon Lightning Spire   Summ/Air       #.......     100%        4    #####..
 Excruciating Wounds      Chrm/Necr      #.........   100%        5    ######.
 Silence                  Hex/Air        #.........   100%        5    ######.
 Conjure Ball Lightning   Conj/Air       #.........   100%        6    #######
 Deflect Missiles         Chrm/Air       #.........   100%        6    #######
 Simulacrum               Ice/Necr       #.........   100%        6    #######
 Tornado                  Air            #.........   100%        9    #######


Dungeon Overview and Level Annotations

Branches:
Dungeon (15/15)            Temple (1/1) D:5            Lair (6/6) D:9
  Swamp (0/4) Lair:2       Spider (1/4) Lair:2        Slime (0/5) Lair:5
    Orc (2/2) D:12            Elf (0/3) Orc:2        Vaults (0/5) D:13
 Depths (0/5) D:15

Altars:
Ashenzari
Cheibriados
Dithmenos
Elyvilon
Fedhas
Gozag
Hepliaklqana
Kikubaaqudgha
Makhleb
Nemelex Xobeh
Okawaru
Qazlal
Ru
Sif Muna
Trog
Uskayaw
Vehumet
Wu Jian
Xom
Yredelemnul
Zin
The Shining One
Beogh

Shops:
D:4 :   D:5 %   D:8 (   D:9 *   D:12 *   D:13 }   D:14 *   Orc:2 (:[:[}*%

Annotations:
Spider:1 Asterion


Innate Abilities, Weirdness & Mutations

You reflexively headbutt those who attack you in melee.
You have a pair of horns on your head.


Message History

You feel the effects of Trog's Hand fading.
You feel sick. Asterion closely misses you.
Asterion gores you but does no damage. The blizzard demon hits you!
* * * LOW HITPOINT WARNING * * *
The blizzard demon hits you but does no damage.
A red film seems to cover your vision as you go berserk!
You feel yourself moving faster!
You feel mighty!
You feel quite a bit more hungry.
You feel sick.
Asterion hits you with a +1 demon trident of flaming!!
* * * LOW HITPOINT WARNING * * *
Asterion burns you.
* * * LOW HITPOINT WARNING * * *
Asterion closely misses you. The blizzard demon misses you.
You furiously retaliate!
You headbutt the blizzard demon, but do no damage.
The blizzard demon hits you!
* * * LOW HITPOINT WARNING * * *
Your cyclops hits Asterion!!!
Asterion hits you with a +1 demon trident of flaming!
You die...

.. .... ....
.(.... .....#
..#... ....#.#
##....###
......###(......#
#.#....#........#
.......†.!s....#
....#....^...[#
......††CH@...##
........†2.....#
.^.............#
################


You could see Asterion, a blizzard demon, an orb spider and a friendly cyclops
(berserk).

Vanquished Creatures
  Roxanne (Spider:1)
  2 orc warlords (Orc:2)
  2 reapers
  A stone giant (Orc:2)
  An ironheart preserver (D:13)
  The ghost of harcile the Fencer, a journeyman HOMo of Trog (Lair:6)
  A minotaur (Gauntlet)
  2 dire elephants
  Josephine (D:14)
  A great orb of eyes (D:15)
  8 hydras
  Harold (D:7)
  A catoblepas (Lair:6)
  A centaur warrior (D:13)
  6 two-headed ogres
  A dancing weapon (Lair:6)
  6 death yaks (Lair:6)
  An orc high priest (Orc:2)
  Urug (Lair:1)
  Nergalle (Lair:4)
  7 unseen horrors
  Pikel (D:9)
  2 lindwurms (Lair:6)
  3 orc knights (Orc:2)
  A deep elf mage (D:14)
  3 orc sorcerers (Orc:2)
  5 oklob plants (Lair:5)
  7 ugly things
  A slime creature (D:15)
  8 elephants
  3 cyclopes
  4 manticores
  2 ice statues (IceCv)
  Psyche (D:12)
  8 black mambas
  A smoke demon (Gauntlet)
  9 spiny frogs
  2 rime drakes (Lair:6)
  6 komodo dragons
  A kobold demonologist (D:12)
  9 ice devils (IceCv)
  3 tengu conjurers (D:15)
  A red devil (Gauntlet)
  4 jumping spiders (Lair:2)
  3 meliai (D:15)
  5 trolls
  A queen bee (Lair:1)
  10 polar bears
  2 hornets
  2 raiju (Lair:6)
  8 blink frogs
  A bog body (Lair:2)
  3 dream sheep
  7 redbacks
  12 hippogriffs
  A spriggan (shapeshifter) (D:13)
  3 spriggans
  5 wraiths
  7 wyverns
  A vampire (D:15)
  49 yaks
  A human (D:12)
  7 basilisks
  6 hungry ghosts
  10 wargs
  2 swamp worms (Gauntlet)
  An acid dragon (D:8)
  13 water moccasins
  15 hell hounds (Lair:6)
  7 porcupines
  2 ice beasts
  5 sky beasts
  4 slaves (D:9)
  3 phantoms
  16 black bears
  2 eyes of draining
  26 orc warriors
  21 wolves
  5 ogres
  10 centaurs
  12 crocodiles
  18 bullfrogs
  2 big kobolds
  A scorpion (D:14)
  25 killer bees
  9 wights
  3 howler monkeys
  8 crimson imps
  A centaur zombie (D:6)
  A quasit (D:10)
  20 orc priests
  3 centaur skeletons
  2 hounds
  A jelly (D:8)
  28 orc wizards
  4 iguanas
  9 worker ants
  6 hell rats
  A hound zombie (D:9)
  2 hound skeletons (D:8)
  A worker ant zombie (D:6)
  10 gnolls
  12 adders
  6 river rats (Lair:1)
  5 shadow imps
  6 white imps (IceCv)
  8 ufetubi (IceCv)
  An ooze (D:2)
  3 worms
  An adder skeleton (D:4)
  6 dart slugs
  8 leopard geckos
  77 orcs
  4 ball pythons
  10 bats
  2 giant cockroaches
  7 goblins
  7 hobgoblins
  11 jackals
  5 quokkas
  7 frilled lizards
  17 kobolds
  A leopard gecko skeleton (D:4)
  A quokka skeleton (D:5)
  8 rats
  5 fungi
  9 plants
802 creatures vanquished.

Vanquished Creatures (collateral kills)
  A cyclops (D:11)
  A tarantella (Spider:1)
  A sky beast (D:11)
  An adder (D:11)
  An orc (D:11)
5 creatures vanquished.

Vanquished Creatures (others)
  A wizard (D:8)
  2 white imps (IceCv)
  4 ufetubi (IceCv)
  8 demonic plants (Gauntlet)
  5 fungi
  11 plants
  A withered plant (Gauntlet)
32 creatures vanquished.

Grand Total: 839 creatures vanquished

Notes
Turn   | Place    | Note
-------+----------+-------------------------------------------
     0 | D:1      | CrazedAxUser the Minotaur Berserker began the quest for the
                  | Orb.
     0 | D:1      | Reached XP level 1. HP: 19/19 MP: 0/0
    94 | D:1      | Reached skill level 4 in Axes
   120 | D:1      | Reached XP level 2. HP: 24/27 MP: 1/1
   919 | D:1      | Reached XP level 3. HP: 33/33 MP: 2/2
  1236 | D:2      | Found a white marble altar of Elyvilon.
  1242 | D:2      | Reached ** piety under Trog
  1305 | D:2      | Found a shattered altar of Ashenzari.
  1598 | D:2      | Reached skill level 5 in Axes
  1779 | D:2      | Reached XP level 4. HP: 41/41 MP: 3/3
  1997 | D:3      | Found a hide-covered altar of Uskayaw.
  2114 | D:3      | Found an ancient bone altar of Kikubaaqudgha.
  2714 | D:3      | Reached skill level 6 in Axes
  2971 | D:4      | Reached XP level 5. HP: 35/47 MP: 4/4
  3078 | D:4      | Reached skill level 5 in Fighting
  3143 | D:4      | Noticed a phantom
  3159 | D:4      | Killed a phantom
  3236 | D:4      | Reached skill level 7 in Axes
  3236 | D:4      | Reached XP level 6. HP: 56/56 MP: 5/5
  3483 | D:4      | Found a glowing golden altar of the Shining One.
  3497 | D:4      | Reached skill level 10 in Fighting
  3497 | D:4      | Reached skill level 13 in Axes
  3497 | D:4      | Reached XP level 7. HP: 73/73 MP: 6/6
  3506 | D:4      | Reached *** piety under Trog
  3883 | D:4      | Found Myramn's Book Shoppe.
  3996 | D:5      | Entered Level 5 of the Dungeon
  4107 | D:5      | Found a staircase to the Ecumenical Temple.
  4114 | Temple   | Entered the Ecumenical Temple
  4771 | D:5      | Reached XP level 8. HP: 75/80 MP: 7/7
  4847 | D:5      | Found a shimmering altar of Xom.
  4938 | D:5      | Found Engaifad's Food Shoppe.
  5016 | D:6      | Reached **** piety under Trog
  5185 | D:6      | Found a basalt altar of Yredelemnul.
  5198 | D:6      | Found a stormy altar of Qazlal.
  5198 | D:6      | Found a radiant altar of Vehumet.
  5215 | D:6      | Reached skill level 14 in Axes
  5491 | D:6      | Found a sacrificial altar of Ru.
  5806 | D:7      | Noticed Harold
  5832 | D:7      | Killed Harold
  5832 | D:7      | Reached XP level 9. HP: 72/89 MP: 8/8
  6547 | D:8      | Got a brightly glowing leather armour
  6758 | D:8      | Got a jewelled leather armour
  6759 | D:8      | Found a shadowy altar of Dithmenos.
  6819 | D:8      | Reached skill level 15 in Axes
  6964 | D:8      | Identified the +1 leather armour of the Vacuum {Dex+3} (You
                  | found it on level 8 of the Dungeon)
  6974 | D:8      | Identified the +3 leather armour of Fortification {+Fly
                  | Str+4 Dex+5} (You found it on level 8 of the Dungeon)
  7007 | D:8      | Found an iron altar of Okawaru.
  7048 | D:8      | Found Veprotso's Antique Weapon Shoppe.
  7528 | D:8      | Found an ornate altar of the Wu Jian Council.
  7655 | D:8      | Found a bloodstained altar of Trog.
  7656 | D:8      | Noticed a wizard
  7662 | D:8      | Killed a wizard
  7857 | D:9      | Reached skill level 1 in Throwing
  7860 | D:9      | Reached XP level 10. HP: 97/97 MP: 9/9
  8070 | D:9      | Noticed Pikel
  8080 | D:9      | Killed Pikel
  8271 | D:9      | Found Gusiz Ipeerr's Assorted Antiques.
  8279 | D:9      | Bought a scroll labeled ZYCSIYXEAQ for 29 gold pieces
  8279 | D:9      | Bought a scroll of identify for 58 gold pieces
  8279 | D:9      | Bought a scroll labeled ZYCSIYXEAQ for 29 gold pieces
  8279 | D:9      | Bought a square lapis lazuli amulet for 145 gold pieces
  8325 | D:9      | Found a staircase to the Lair.
  8365 | D:9      | Reached ***** piety under Trog
  8516 | D:9      | Noticed a two-headed ogre
  8522 | D:9      | Killed a two-headed ogre
  8651 | D:10     | Entered Level 10 of the Dungeon
  8915 | D:10     | Noticed a two-headed ogre
  8920 | D:10     | Reached skill level 16 in Axes
  8924 | D:10     | Killed a two-headed ogre
  8924 | D:10     | Reached XP level 11. HP: 104/104 MP: 10/10
  8927 | D:10     | Reached skill level 5 in Armour
  9362 | D:10     | Found a bloodstained altar of Trog.
  9489 | D:11     | Noticed an unseen horror
  9504 | D:11     | Killed an unseen horror
  9607 | D:11     | Received a gift from Trog
  9775 | D:11     | Noticed a red ugly thing
  9788 | D:11     | Killed a red ugly thing
 10571 | D:11     | Noticed an unseen horror
 10581 | D:11     | Killed an unseen horror
 10719 | Lair:1   | Entered Level 1 of the Lair of Beasts
 10970 | Lair:1   | Reached skill level 5 in Throwing
 11008 | Lair:1   | Reached skill level 17 in Axes
 11092 | Lair:1   | Found a basalt altar of Yredelemnul.
 11245 | Lair:1   | Found a frozen archway.
 11264 | IceCv    | Entered an ice cave
 11296 | IceCv    | Reached XP level 12. HP: 97/115 MP: 11/11
 11653 | IceCv    | Received a gift from Trog
 11779 | IceCv    | Got a pair of slimy boots
 12032 | IceCv    | Identified the +2 pair of boots of Space {-Cast Dex+5} (You
                  | found it in an ice cave)
 12168 | IceCv    | Noticed a reaper
 12193 | IceCv    | Killed a reaper
 12866 | Lair:1   | You fall through a shaft!
 12866 | Lair:2   | Found a staircase to the Swamp.
 13076 | Lair:1   | Received a gift from Trog
 13418 | Lair:1   | Noticed Urug
 13426 | Lair:1   | Killed Urug
 13426 | Lair:1   | Reached skill level 18 in Axes
 14178 | Lair:2   | Found a hole to the Spider Nest.
 14952 | Lair:3   | Reached XP level 13. HP: 123/123 MP: 12/12
 15083 | Lair:3   | Found an iron altar of Okawaru.
 15087 | Lair:3   | Got a warped leather armour
 15098 | Lair:3   | Identified the cursed +1 leather armour "Sininoac" {Int+4}
                  | (You found it on level 3 of the Lair of Beasts)
 15872 | Lair:4   | Noticed Nergalle
 15879 | Lair:4   | Killed Nergalle
 16307 | Lair:5   | Received a gift from Trog
 16976 | Lair:5   | Found a staircase to the Slime Pits.
 16988 | Lair:5   | Got a pitted scale mail
 16999 | Lair:5   | Identified the +0 scale mail of Tang {rElec rPois Dex-5}
                  | (You found it on level 5 of the Lair of Beasts)
 17345 | Lair:5   | Reached skill level 19 in Axes
 17910 | Lair:5   | Reached skill level 10 in Armour
 18189 | Lair:6   | Entered Level 6 of the Lair of Beasts
 18495 | Lair:6   | Found a runed translucent door.
 18495 | Lair:6   | Found a shimmering altar of Xom.
 18495 | Lair:6   | Noticed harcile's ghost (journeyman HOMo)
 18598 | Lair:6   | Found a gate leading to a gauntlet.
 18660 | Gauntlet | Entered a Gauntlet
 18660 | Gauntlet | Found a transporter.
 18660 | Gauntlet | Found a transporter.
 18660 | Gauntlet | Found a transporter.
 18682 | Gauntlet | Found a transporter.
 18682 | Gauntlet | Found a transporter.
 18682 | Gauntlet | Found a transporter.
 18696 | Gauntlet | Found a transporter.
 18698 | Gauntlet | Found a transporter.
 18701 | Gauntlet | Found a transporter.
 18704 | Gauntlet | Found a transporter.
 18725 | Gauntlet | Found a transporter.
 18731 | Gauntlet | Found a transporter.
 18732 | Gauntlet | Noticed a reaper
 19058 | Gauntlet | Reached XP level 14. HP: 122/133 MP: 13/13
 19192 | Gauntlet | Received a gift from Trog
 19269 | Gauntlet | Killed a reaper
 19370 | Gauntlet | Identified the Disquisition on the Blaze and Sinister
                  | Secrets
 19455 | Lair:6   | Killed harcile's ghost
 19455 | Lair:6   | Reached skill level 15 in Fighting
 19983 | Lair:6   | Received a gift from Trog
 19997 | Lair:6   | Reached skill level 20 in Axes
 20402 | Lair:6   | Found a sparkling altar of Nemelex Xobeh.
 20837 | Lair:6   | Received a gift from Trog
 21492 | D:12     | Found a staircase to the Orcish Mines.
 21504 | D:12     | Noticed Psyche
 21506 | D:12     | Killed Psyche
 21511 | D:12     | Found Fabri's General Store.
 21517 | D:12     | Bought a potion of mutation for 136 gold pieces
 21517 | D:12     | Bought a scroll of identify for 34 gold pieces
 21517 | D:12     | Bought a scroll of identify for 34 gold pieces
 21831 | D:12     | Reached skill level 21 in Axes
 22230 | D:13     | Found Qofidgh's Gadget Shoppe.
 22240 | D:13     | Reached XP level 15. HP: 105/141 MP: 4/14
 22244 | D:13     | Received a gift from Trog
 22634 | D:13     | Found a gate to the Vaults.
 22879 | D:13     | Found a glowing golden altar of the Shining One.
 23145 | D:14     | Noticed Josephine
 23146 | D:14     | Reached ****** piety under Trog
 23147 | D:14     | Reached skill level 22 in Axes
 23157 | D:14     | Killed Josephine
 23586 | D:14     | Found Kuaz's Assorted Antiques.
 23605 | D:14     | Bought a scroll labeled WYRAVI IZAE for 27 gold pieces
 23605 | D:14     | Bought a cabochon ring for 135 gold pieces
 23651 | D:14     | Received a gift from Trog
 23870 | D:15     | Entered Level 15 of the Dungeon
 24344 | D:15     | Found a staircase to the Depths.
 24480 | D:15     | Identified the +7 great mace "Dragonbane" {pain, rF- rN+
                  | Str+10}
 24769 | D:15     | Got a translucent ring mail
 24780 | D:15     | Identified the +1 ring mail of Joy {Int+5} (You found it on
                  | level 15 of the Dungeon)
 25217 | Orc:1    | Entered Level 1 of the Orcish Mines
 25238 | Orc:1    | Received a gift from Trog
 25555 | Orc:1    | Received a gift from Trog
 25572 | Orc:1    | Got a transparent battleaxe {god gift}
 25574 | Orc:1    | Identified the +10 battleaxe "Ostraiw" {venom, rElec Int+3
                  | Dex-3 SInv} (Trog gifted it to you on level 1 of the Orcish
                  | Mines)
 25794 | Orc:2    | Entered Level 2 of the Orcish Mines
 25794 | Orc:2    | Found a roughly hewn altar of Beogh.
 25794 | Orc:2    | Found Curuf's Food Boutique.
 25803 | Orc:2    | Noticed an orc warlord
 25826 | Orc:2    | Reached skill level 23 in Axes
 25830 | Orc:2    | Killed an orc warlord
 26255 | Orc:2    | Found Yvvek's General Store.
 26650 | Orc:2    | Noticed an orc warlord
 26670 | Orc:2    | Killed an orc warlord
 26680 | Orc:2    | Found a roughly hewn altar of Beogh.
 26698 | Orc:2    | Found Niusergh's General Store.
 26721 | Orc:2    | Found Vabos's Antique Armour Emporium.
 26742 | Orc:2    | Found Fekom's Antique Weapon Emporium.
 26917 | Orc:2    | Found Mijy's Book Emporium.
 26968 | Orc:2    | Found Etutif's Gadget Shop.
 27055 | Orc:2    | Found Ikuafisu's Book Boutique.
 27113 | Orc:2    | Received a gift from Trog
 27223 | Orc:2    | Found Useofer's Antique Armour Shoppe.
 27257 | Orc:2    | Found a staircase to the Elven Halls.
 27747 | Spider:1 | Entered Level 1 of the Spider Nest
 27747 | Spider:1 | Identified Roxanne's Tome of Shape Shifting
 27747 | Spider:1 | Noticed Roxanne
 27756 | Spider:1 | Killed Roxanne
 27756 | Spider:1 | Reached skill level 1 in Stealth
 27758 | Spider:1 | Noticed Asterion
 27889 | Spider:1 | Slain by Asterion

Skill      XL: |  1  2  3  4  5  6  7  8  9 10 11 12 13 14 15 |
---------------+----------------------------------------------+-----
Axes           | 4 5 6 7 13 14 15 16 17 18 19 21 23 | 23.6
Fighting       | 4 5 10 11 12 13 14 15 | 15.4
Throwing       | 1 3 5 7 8 9 |  9.6
Armour         | 4 7 9 10 11 | 11.4
Stealth        | 1 |  1.3
Dodging        | |  2.1

Action                   |  1- 3 |  4- 6 |  7- 9 | 10-12 | 13-15 || total
-------------------------+-------+-------+-------+-------+-------++-------
Melee: Hand axe          |    90 |   122 |    84 |       |       ||   296
       Headbutt          |    13 |    18 |    46 |   162 |   283 ||   522
       War axe           |       |       |   196 |   540 |       ||   736
       Broad axe         |       |       |       |    91 |   324 ||   415
       Morningstar       |       |       |       |       |     9 ||     9
       Battleaxe         |       |       |       |       |   336 ||   336
       Executioner's axe |       |       |       |       |   308 ||   308
 Fire: Blowgun           |       |       |       |       |     3 ||     3
Invok: Berserk           |     1 |     1 |     4 |    10 |    10 ||    26
       Trog's Hand       |       |       |       |     3 |     3 ||     6
       Brothers in Arms  |       |       |       |     1 |     1 ||     2
 Abil: Evoke Flight      |       |       |       |       |     2 ||     2
Evoke: Wand              |       |       |     1 |       |       ||     1
  Use: Scroll            |       |     5 |     8 |    10 |    17 ||    40
       Potion            |       |     1 |       |       |     1 ||     2
 Stab: Paralysed         |       |       |     1 |       |       ||     1
       Distracted        |       |       |       |       |     1 ||     1
  Eat: Chunk             |     4 |     6 |    14 |    27 |    34 ||    85
       Ration            |       |       |     1 |     4 |     6 ||    11
Armor: Animal skin       |     6 |       |       |       |       ||     6
       Plate armour      |    46 |    73 |   139 |   311 |    39 ||   608
       Ring mail         |       |       |     1 |       |       ||     1
       Crystal plate arm |       |       |       |       |   761 ||   761
       Acid dragon scale |       |       |       |       |     4 ||     4
       Chain mail        |       |       |       |       |    14 ||    14
Dodge: Dodged            |    54 |    35 |    64 |   235 |   306 ||   694
Block: Buckler           |       |       |       |     5 |       ||     5
